 Dungeon Sprint DCSS version 0.20-a0-1121-gbb42413 (webtiles) character file.

28768 potatolord6000 the Peltast (level 13, -7/139 HPs)
             Began as a Formicid Fighter on May 10, 2017.
             Was an Initiate of Gozag.
             Mangled by a storm dragon (23 damage)
             ... in the Dungeon (Sprint V: "Ziggurat Sprint").
             The game lasted 00:16:45 (1618 turns).

potatolord6000 the Peltast (Formicid Fighter)       Turns: 1618, Time: 00:16:46

Health: -7/139     AC: 34    Str: 36    XL:     13   Next: 75%
Magic:  0/13       EV:  6    Int:  8    God:    Gozag
Gold:   2418       SH: 35    Dex: 13    Spells: 12/12 levels left

rFire    + + .     SeeInvis +   n - +5 executioner's axe (flame)
rCold    + . .     Gourm    .   m - +18 shield of the Gong {rElec rN+ MR+ EV-5}
rNeg     + . .     Faith    .   l - +15 Maxwell's patent armour {-Cast -Tele rElec MR+ rCorr}
rPois    +         Spirit   +   (helmet unavailable)
rElec    +         Reflect  .   c - scarf {Spirit}
rCorr    +         Harm     .   D - +0 pair of gloves of the Little Devil {rPois rF+ rCorr Int+3}
MR       +++..     NoCast   +   (no boots)
Stlth    ..........             A - amulet of Vitality {Regen+ HP+15}
Regen    0.8/turn               s - +6 ring of strength
MPRegen  0.2/turn               C - +3 ring of slaying

@: mighty, agile, resistant, gold aura, constricted, studying 2 skills, drained
A: permanent stasis, dig shafts and tunnels, four strong arms, antennae 3,
clumsy 1, dopey 2
a: Dig, Potion Petition, Call Merchant, Bribe Branch, Renounce Religion


You were in the Dungeon.
You worshipped Gozag.
Gozag was most pleased with you.
You were very full.

You visited 1 branch You collected 8505 gold pieces.
You spent 1201 gold pieces at shops.
You paid 4886 gold pieces to Gozag.

Inventory:

Hand Weapons
 n - a +5 executioner's axe of flaming (weapon)
Armour
 a - a +5 crystal plate armour
 c - a scarf of spirit shield (worn)
 l - the +15 Maxwell's patent armour (worn) {-Cast -Tele rElec MR+ rCorr}
   (You found it in the Dungeon)

   It insulates you from electricity.
   It affects your resistance to hostile enchantments.
   It prevents spellcasting.
   It prevents most forms of teleportation.
   It protects you from acid and corrosion.
 m - the +18 shield of the Gong (worn) {rElec rN+ MR+ EV-5}
   (You found it in the Dungeon)

   It affects your evasion (-5).
   It insulates you from electricity.
   It protects you from negative energy.
   It affects your resistance to hostile enchantments.
 D - the +0 pair of gloves of the Little Devil (worn) {rPois rF+ rCorr Int+3}
   (You bought it in a shop in the Dungeon)

   It affects your intelligence (+3).
   It protects you from fire.
   It protects you from poison.
   It protects you from acid and corrosion.
Jewellery
 s - a +6 ring of strength (left hand)
 A - the amulet of Vitality (around neck) {Regen+ HP+15}
   (You found it in the Dungeon)

   [amulet of regeneration]

   It affects your health (+15).
   It increases your rate of regeneration.
 C - a +3 ring of slaying (right hand)
Scrolls
 k - 4 scrolls of amnesia
 o - 3 scrolls of recharging
 p - 7 scrolls of fog
 q - a scroll of holy word
 r - 4 scrolls of identify
 u - 5 scrolls of remove curse
 v - 2 scrolls of fear
Potions
 d - a potion of might
 e - 9 potions of curing
 g - 7 potions of heal wounds
 i - 7 potions of magic
 w - 2 potions of brilliance
 x - 2 potions of invisibility
 z - 3 potions of resistance
 B - 4 potions of agility
Books
 b - a manual of Summonings
 t - a manual of Maces & Flails
Comestibles
 f - 5 bread rations
 h - 42 fruits
 j - 2 meat rations


   Skills:
 + Level 18.5(18.0) Fighting
 + Level 17.0(16.5) Axes
 + Level 18.3(17.8) Armour
 + Level 19.8(19.3) Shields


You had 12 spell levels left.
You didn't know any spells.

Dungeon Overview and Level Annotations

Branches:
Dungeon (1/1)

Altars:
Ashenzari
Cheibriados
Dithmenos
Elyvilon
Fedhas
Gozag
Hepliaklqana
Kikubaaqudgha
Makhleb
Nemelex Xobeh
Okawaru
Qazlal
Ru
Sif Muna
Trog
Uskayaw
Vehumet
Wu Jian
Xom
Yredelemnul
Zin
The Shining One
Beogh
Jiyva
Lugonu

Shops:
D ==**=[

Annotations:
D 1 transporter


Innate Abilities, Weirdness & Mutations

You cannot be hasted, slowed, berserked, paralysed or teleported.
You can dig through walls and to a lower floor.
Your four strong arms can wield two-handed weapons with a shield.
You have a pair of large antennae on your head. (SInv)
You are clumsy. (Dex -2)
You are very dopey. (Int -4)


Message History

You block the red draconian's attack.
GONNNNG!
You block the storm dragon's attack.
GONNNNG!
The storm dragon claws you!
* * * LOW HITPOINT WARNING * * *
You block the storm dragon's attack.
PANG!
The green draconian hits you but does no damage.
You partially resist.
You feel drained.
The green draconian tail-slaps you but does no damage.
You block the Orb Guardian's attack.
GONNNNG!
The red draconian hits you but does no damage.
The black draconian hits you but does no damage.
The green draconian hits you but does no damage.
The yellow draconian is distracted by the nearby gold.
The storm dragon bites you!!
You die...
Your body crumbles into a pile of gold.

▓▓▓▓▓▓▓▓▓▓
▓.....8©8.....▓....8©8..
▓..}.|.}[}%...▓..||)|)|.
▓...[})))[)...▓..)=:[?)=
▓.............▓.........
▓.............▓.....[...
▓....ddddd....▓.......∩.
▓....dXXd.....▓....[....
▓....dd@d.....▓....)....
▓..▓..D.d..▓..▓......)..
▓ ▓.▓.....▓.▓ ▓....).)..
▓..▓.......▓..▓.........
▓.............▓▓▓▓▓▓▓▓▓▓
▓.............▓....8©8..
▓▓▓▓▓▓▓▓▓▓▓▓▓▓▓..")[|}[)
▓...))})}}


{{{{{{{{{ ▓......... You could see a tentacled monstrosity, a storm dragon
(berserk), 2 draconians, 2 draconians, 2 draconians, a purple draconian, 3
draconians, a white draconian and an Orb Guardian (berserk).

Vanquished Creatures
  2 azure jellies (D)
  An orc warlord (D)
  A ghoul (D)
  2 ironheart preservers (D)
  A stone giant (D)
  A vampire knight (D)
  A mummy priest (D)
  A great orb of eyes (D)
  2 vault guards (D)
  3 naga warriors (D)
  A two-headed ogre (D)
  2 soul eaters (D)
  A skeletal warrior (D)
  An unseen horror (shapeshifter) (D)
  A glowing orange brain (D)
  A wizard (D)
  An ironbrand convoker (D)
  A harpy (D)
  2 ugly things (D)
  A shining eye (D)
  An orc sorcerer (D)
  A deep elf mage (D)
  A moth of wrath (D)
  2 black mambas (D)
  3 guardian serpents (D)
  2 naga magi (D)
  A yaktaur (D)
  2 komodo dragons (D)
  A troll (D)
  3 slime creatures (D)
  A hippogriff (D)
  A flying skull (D)
  2 shadows (D)
  2 air elementals (D)
  An ushabti (D)
  2 yaks (D)
  2 vampires (D)
  A spriggan (D)
  2 golden eyes (D)
  2 neqoxecs (D)
  2 insubstantial wisps (D)
  A porcupine (D)
  A water moccasin (D)
  3 orc warriors (D)
  A black bear (D)
  2 black bears (shapeshifter) (D)
  2 wolves (D)
  An ogre (D)
  A necrophage (D)
  4 centaurs (D)
  3 wights (D)
  3 orc priests (D)
  An iguana (D)
  2 orc wizards (D)
  3 mummies (D)
  2 adders (D)
  2 river rats (D)
  3 oozes (D)
  4 adder zombies (D)
  An adder skeleton (D)
  2 orcs (D)
  2 spectral bats (D)
  2 ball pythons (D)
  A bat zombie (D)
  2 jackals (D)
  A ball python zombie (D)
  A quokka skeleton (D)
  A spectral ball python (D)
114 creatures vanquished.

Vanquished Creatures (others)
  A ball python (D)
1 creature vanquished.

Grand Total: 115 creatures vanquished

Notes
Turn   | Place    | Note
-------+----------+-------------------------------------------
     0 | D        | potatolord6000 the Formicid Fighter began the quest for the Orb.
     0 | D        | Reached XP level 1. HP: 18/18 MP: 1/1
     2 | D        | Found a blossoming altar of Fedhas.
     3 | D        | Found a viscous altar of Jiyva.
     3 | D        | Found an ancient bone altar of Kikubaaqudgha.
     3 | D        | Found a hazy altar of Hepliaklqana.
     3 | D        | Found a corrupted altar of Lugonu.
     3 | D        | Found an opulent altar of Gozag.
     3 | D        | Found a burning altar of Makhleb.
     8 | D        | Found an iron altar of Okawaru.
     8 | D        | Found a stormy altar of Qazlal.
     8 | D        | Found a sparkling altar of Nemelex Xobeh.
     8 | D        | Found a sacrificial altar of Ru.
     8 | D        | Found a deep blue altar of Sif Muna.
    19 | D        | Found a bloodstained altar of Trog.
   142 | D        | Reached skill level 5 in Fighting
   142 | D        | Reached skill level 5 in Armour
   142 | D        | Reached skill level 5 in Shields
   142 | D        | Reached XP level 2. HP: 27/27 MP: 2/2
   184 | D        | Became a worshipper of Gozag Ym Sagoz the Greedy
   195 | D        | Entered arena 2.
   195 | D        | Noticed a water moccasin
   198 | D        | Killed a water moccasin
   198 | D        | Reached skill level 5 in Axes
   198 | D        | Reached skill level 7 in Shields
   198 | D        | Reached XP level 3. HP: 35/35 MP: 3/3
   198 | D        | Reached XP level 4. HP: 41/41 MP: 4/4
   198 | D        | Reached XP level 5. HP: 47/47 MP: 5/5
   210 | D        | Entered arena 3.
   210 | D        | Noticed a yak
   215 | D        | Killed a yak
   215 | D        | Reached skill level 8 in Shields
   215 | D        | Reached XP level 6. HP: 56/56 MP: 6/6
   236 | D        | Entered arena 4.
   236 | D        | Noticed an air elemental
   236 | D        | Noticed an insubstantial wisp
   236 | D        | Noticed an insubstantial wisp
   236 | D        | Noticed an air elemental
   245 | D        | Killed an air elemental
   245 | D        | Reached skill level 9 in Shields
   245 | D        | Reached XP level 7. HP: 43/63 MP: 7/7
   248 | D        | Killed an air elemental
   248 | D        | Reached skill level 10 in Shields
   248 | D        | Killed an insubstantial wisp
   267 | D        | Killed an insubstantial wisp
   267 | D        | Reached XP level 8. HP: 43/72 MP: 8/8
   393 | D        | Entered arena 5.
   393 | D        | Noticed a spriggan
   396 | D        | Reached skill level 10 in Fighting
   396 | D        | Reached skill level 10 in Armour
   397 | D        | Reached skill level 11 in Shields
   406 | D        | Killed a spriggan
   429 | D        | Entered arena 6.
   429 | D        | Noticed a yaktaur
   438 | D        | Reached XP level 9. HP: 45/79 MP: 9/9
   440 | D        | Reached skill level 10 in Axes
   440 | D        | Killed a yaktaur
   440 | D        | Reached skill level 12 in Shields
   456 | D        | Got the ring "Xitt" {+Inv rF- Int+2 SInv Stlth-}
   569 | D        | Bought a scarf of spirit shield for 126 gold pieces
   569 | D        | Bought a +1 pair of gloves of archery for 231 gold pieces
   665 | D        | Entered arena 7.
   665 | D        | Noticed a jumping spider
   665 | D        | Noticed a brown ugly thing
   667 | D        | Noticed an unseen horror
   667 | D        | a jumping spider changed into an unseen horror
   671 | D        | Gained mutation: You are dopey. (Int -2) [a neqoxec]
   672 | D        | Killed a brown ugly thing
   675 | D        | Reached skill level 13 in Shields
   680 | D        | Killed an unseen horror
   680 | D        | Reached XP level 10. HP: 84/90 MP: 8/10
   700 | D        | Entered arena 8.
   741 | D        | Entered arena 9.
   741 | D        | Noticed a mummy priest
   751 | D        | Noticed a freezing wraith
   752 | D        | Killed a mummy priest
   752 | D        | Reached skill level 14 in Shields
   998 | D        | Bought a +3 ring of slaying for 540 gold pieces
  1005 | D        | Entered arena 10.
  1005 | D        | Noticed a komodo dragon
  1005 | D        | Noticed a komodo dragon
  1009 | D        | Killed a komodo dragon
  1010 | D        | Killed a komodo dragon
  1043 | D        | Entered arena 11.
  1043 | D        | Noticed an ironheart preserver
  1043 | D        | Noticed a vault guard
  1043 | D        | Noticed an ironheart preserver
  1043 | D        | Noticed a purple ugly thing
  1043 | D        | Noticed a vault guard
  1043 | D        | Noticed a wizard
  1043 | D        | Noticed an ironbrand convoker
  1043 | D        | Noticed a deep elf mage
  1043 | D        | Noticed a harpy
  1051 | D        | Killed an ironheart preserver
  1051 | D        | Reached skill level 15 in Shields
  1051 | D        | Reached XP level 11. HP: 100/100 MP: 8/11
  1053 | D        | Killed a wizard
  1056 | D        | Killed a deep elf mage
  1057 | D        | Killed a purple ugly thing
  1057 | D        | Killed a harpy
  1059 | D        | Killed a vault guard
  1059 | D        | Reached skill level 16 in Shields
  1062 | D        | Killed an ironheart preserver
  1062 | D        | Reached skill level 15 in Fighting
  1062 | D        | Reached skill level 15 in Armour
  1063 | D        | Killed an ironbrand convoker
  1065 | D        | Killed a vault guard
  1065 | D        | Reached XP level 12. HP: 110/110 MP: 9/12
  1092 | D        | Got the ring "Jicw" {rN+ MR++ MP-9 Str+3 Int+2}
  1102 | D        | Entered arena 12.
  1102 | D        | Noticed an orc warlord
  1102 | D        | Noticed a stone giant
  1103 | D        | Noticed a two-headed ogre
  1110 | D        | Killed a two-headed ogre
  1111 | D        | Killed an orc warlord
  1111 | D        | Reached skill level 17 in Shields
  1111 | D        | Killed a stone giant
  1114 | D        | Reached skill level 15 in Axes
  1173 | D        | Entered arena 13.
  1174 | D        | Noticed a soul eater
  1174 | D        | Noticed a soul eater
  1186 | D        | Killed a soul eater
  1192 | D        | Killed a soul eater
  1210 | D        | Got the ring "Xoej" {+Fly Str+4}
  1219 | D        | Got the amulet "Tushrez" {RegenMP Str+2 Int+3}
  1240 | D        | Entered arena 14.
  1241 | D        | Noticed a ghoul
  1244 | D        | Noticed a skeletal warrior
  1244 | D        | Noticed a vampire knight
  1253 | D        | Killed a ghoul
  1253 | D        | Reached skill level 18 in Shields
  1256 | D        | Killed a vampire knight
  1259 | D        | Killed a skeletal warrior
  1259 | D        | Reached XP level 13. HP: 74/120 MP: 5/13
  1346 | D        | Entered arena 15.
  1347 | D        | Noticed an azure jelly
  1347 | D        | Noticed a great orb of eyes
  1348 | D        | Noticed an azure jelly
  1355 | D        | Killed an azure jelly
  1356 | D        | Killed a great orb of eyes
  1367 | D        | Gained mutation: You are clumsy. (Dex -2) [a shining eye]
  1368 | D        | Reached skill level 19 in Shields
  1369 | D        | Killed an azure jelly
  1369 | D        | Gained mutation: You are very dopey. (Int -4) [a shining eye]
  1479 | D        | Got the amulet "Pemiroj" {Harm *Drain rElec Dex+4 Slay+2}
  1491 | D        | Entered arena 16.
  1492 | D        | Noticed a naga warrior
  1492 | D        | Noticed a naga warrior
  1493 | D        | Noticed a naga warrior
  1502 | D        | Killed a naga warrior
  1506 | D        | Killed a naga warrior
  1508 | D        | Killed a naga warrior
  1586 | D        | Bought a pair of faintly humming gloves for 304 gold pieces
  1588 | D        | Identified the +0 pair of gloves of the Little Devil {rPois rF+ rCorr Int+3} (You bought it in a shop in the Dungeon)
  1605 | D        | Entered arena 17.
  1608 | D        | Noticed a red draconian
  1608 | D        | Noticed a yellow draconian
  1608 | D        | Noticed a tentacled monstrosity
  1608 | D        | Noticed a green draconian
  1608 | D        | Noticed a white draconian
  1608 | D        | Noticed a yellow draconian
  1608 | D        | Noticed a black draconian
  1609 | D        | Noticed a storm dragon
  1609 | D        | Noticed an Orb Guardian
  1609 | D        | Noticed a red draconian
  1609 | D        | Noticed a black draconian
  1609 | D        | Noticed a green draconian
  1609 | D        | Noticed a purple draconian
  1609 | D        | Noticed a red draconian
  1618 | D        | Mangled by a storm dragon

Vault maps used:
D:        sprint_v

Skill      XL: |  1  2  3  4  5  6  7  8  9 10 11 12 13 |
---------------+----------------------------------------+-----
Fighting       | 5 6 8 9 10 12 14 15 17 18 | 18.5
Axes           | 4 5 7 8 9 11 12 14 15 17 | 17.0
Armour         | 5 6 8 9 10 12 14 15 17 18 | 18.3
Shields        | 5 7 8 9 10 11 13 15 16 18 19 | 19.8

Action                   |  1- 3 |  4- 6 |  7- 9 | 10-12 | 13-15 || total
-------------------------+-------+-------+-------+-------+-------++-------
Melee: Executioner's axe |     2 |    13 |    49 |    94 |    37 ||   195
Invok: Call Merchant     |       |       |     1 |     3 |     2 ||     6
       Potion Petition   |       |       |       |       |     1 ||     1
  Use: Potion            |     2 |     1 |     1 |     1 |     7 ||    12
       Scroll            |       |     1 |       |       |     2 ||     3
 Stab: Distracted        |       |       |       |     2 |       ||     2
  Eat: Meat ration       |       |       |       |     2 |       ||     2
Armor: Plate armour      |     1 |    29 |    40 |    57 |   122 ||   249
Dodge: Dodged            |       |     3 |     9 |     7 |    21 ||    40
Block: Shield            |     3 |    45 |   108 |   186 |   119 ||   461
